AoeStats
← Launger

Black Forest

508429752Analyzed
4v4 RM · 11d ago on Sep 22, 2026· 58m 45s· 8 players
Game mode
Random Map
Map size
Large (8 player)
Population
200
Speed
Normal
Resources
Standard
Victory
Conquest
Starting age
Dark Age
Ending age
Imperial Age
RankedLock teamsTeams togetherTeam positionsShared explorationLock speedFull tech treeHidden civsTurbo modeCheats
Victory
Defeat
🇵🇱 Burgundians · Poland
1133
+13
🇭🇰 Magyars · Hong Kong SAR China
1123
+13
🇨🇳 Saracens · China
1098
+14
🇹🇼 Romans · Taiwan
1095
+15
🇹🇼 Franks · Taiwan
1128
-16
🇹🇼 Mongols · Taiwan
1099
-15
🇹🇼 Khmer · Taiwan
1092
-15
🇮🇩 Byzantines · Indonesia
943
-9
小佑
8:05 Loom
10:20 Feudal Age
10:50 Double-Bit Axe
10:48 Horse Collar
18:07 Castle Age
17:13 Scale Mail Armor
16:37 Man-at-Arms
18:30 Long Swordsman
19:10 Squires
23:46 Heavy Plow
24:10 Stone Mining
24:49 Bow Saw
25:54 Chain Mail Armor
25:50 Forging
26:38 Wheelbarrow
25:57 Town Watch
27:56 Hand Cart
27:55 Forging
29:17 Gold Mining
28:51 Pikeman
33:01 Imperial Age
30:55 Ballistas
34:07 Gold Shaft Mining
34:41 Conscription
33:50 Capped Ram
34:21 Legionary
34:35 Legionary
35:52 Iron Casting
35:01 Siege Ram
36:08 Comitatenses
36:54 Heavy Scorpion
37:17 Halberdier
39:41 Guilds
39:34 Caravan
41:11 Chemistry
40:32 Ballistics
42:26 Crop Rotation
57:21 Masonry
57:23 Careening
57:33 Shipwright
57:27 Fortified Wall
57:12 Murder Holes
57:23 Siege Engineers
wuyu
2:04 Loom
12:40 Feudal Age
17:09 Castle Age
15:47 Double-Bit Axe
15:44 Horse Collar
26:24 Wheelbarrow
26:18 Town Watch
31:31 Imperial Age
29:12 Stone Mining
29:13 Gold Mining
29:30 Scale Barding Armor
29:47 Treadmill Crane
32:24 Gold Shaft Mining
32:11 Chain Barding Armor
32:02 Forging
33:21 Chemistry
32:44 Hand Cart
32:42 Capped Ram
34:29 Iron Casting
34:08 Bloodlines
34:13 Caravan
35:58 Husbandry
37:17 Bow Saw
37:13 Heavy Plow
36:41 Onager
37:48 Town Patrol
38:49 Conscription
38:40 Bimaristan
38:41 Counterweights
39:54 Two-Man Saw
40:11 Siege Ram
44:06 Light Cavalry
45:46 Fortified Wall
45:57 Ballistics
45:48 Masonry
45:33 Murder Holes
45:06 Hussar
45:42 Elite Mameluke
50:26 Siege Onager
Launger
6:01 Double-Bit Axe
10:43 Feudal Age
9:00 Horse Collar
14:51 Castle Age
13:03 Bow Saw
13:19 Heavy Plow
22:24 Wheelbarrow
22:21 Loom
24:20 Hand Cart
24:28 Fletching
24:49 Forging
24:44 Scale Barding Armor
24:41 Gold Mining
28:26 Imperial Age
27:35 Iron Casting
26:56 Bodkin Arrow
27:02 Stone Mining
27:49 Gold Shaft Mining
29:46 Chain Barding Armor
29:27 Bracer
30:28 Blast Furnace
30:20 Stone Shaft Mining
29:24 Light Cavalry
29:27 Cavalier
30:08 Husbandry
31:33 Plate Barding Armor
32:05 Chemistry
31:26 Ballistics
33:00 Paladin
35:04 Conscription
34:53 Burgundian Vineyards
41:04 Padded Archer Armor
41:04 Scale Mail Armor
44:02 Onager
47:23 Leather Archer Armor
48:20 Light Cavalry
49:19 Chain Mail Armor
52:18 Hussar
55:07 Elite Skirmisher
低糖老头
11:25 Feudal Age
18:45 Castle Age
16:29 Horse Collar
16:43 Double-Bit Axe
18:07 Stone Mining
20:19 Bow Saw
23:44 Heavy Plow
24:55 Wheelbarrow
27:43 Hand Cart
27:42 Gold Mining
31:12 Gold Shaft Mining
34:41 Imperial Age
32:25 Scale Barding Armor
32:23 Corvinian Army
33:28 Chain Barding Armor
33:00 Fletching
33:10 Padded Archer Armor
34:43 Caravan
36:41 Two-Man Saw
36:15 Crop Rotation
35:15 Elite Magyar Huszar
36:18 Conscription
35:59 Recurve Bow
36:38 Plate Barding Armor
35:59 Bodkin Arrow
36:19 Leather Archer Armor
36:28 Ballistics
36:04 Murder Holes
37:10 Chemistry
36:45 Bloodlines
36:36 Husbandry
37:05 Heavy Cavalry Archer
40:16 Thumb Ring
40:36 Parthian Tactics
40:31 Bracer
41:01 Ring Archer Armor
46:11 Ring Archer Armor
51:29 Loom
oioi55669
1:03 Loom
10:53 Feudal Age
14:35 Castle Age
12:32 Double-Bit Axe
12:29 Horse Collar
16:35 Bow Saw
17:03 Wheelbarrow
16:32 Heavy Plow
22:00 Gold Mining
22:02 Stone Mining
24:25 Stone Shaft Mining
24:56 Gold Shaft Mining
29:19 Imperial Age
27:40 Fletching
27:50 Padded Archer Armor
27:40 Fletching
28:55 Hand Cart
29:24 Elite Mangudai
30:04 Bodkin Arrow
30:24 Leather Archer Armor
30:05 Bodkin Arrow
30:52 Leather Archer Armor
31:36 Caravan
32:36 Conscription
31:41 Capped Ram
32:51 Ballistics
33:32 Chemistry
32:37 Bracer
32:55 Scale Barding Armor
33:20 Siege Ram
35:20 Nomads
40:59 Light Cavalry
41:49 Bloodlines
41:40 Husbandry
44:16 Onager
44:55 Hussar
45:51 Forging
46:01 Chain Barding Armor
SBZ
0:29 Loom
11:50 Feudal Age
15:57 Castle Age
19:23 Double-Bit Axe
25:56 Wheelbarrow
25:44 Bow Saw
27:33 Gold Mining
29:00 Hand Cart
33:12 Imperial Age
30:52 Scale Barding Armor
30:47 Scale Mail Armor
30:57 Forging
32:45 Gold Shaft Mining
32:40 Chain Barding Armor
32:35 Chain Mail Armor
32:45 Caravan
33:34 Husbandry
32:55 Light Cavalry
34:29 Iron Casting
33:55 Cavalier
36:16 Plate Barding Armor
36:12 Plate Mail Armor
35:37 Paladin
37:58 Blast Furnace
38:46 Elite Skirmisher
45:31 Padded Archer Armor
45:22 Fletching
48:50 Leather Archer Armor
48:25 Fletching
49:00 Ballistics
49:41 Chemistry
Amby
0:47 Loom
13:06 Feudal Age
16:02 Castle Age
14:05 Double-Bit Axe
17:10 Bow Saw
16:45 Horse Collar
16:57 Stone Mining
26:51 Wheelbarrow
28:42 Tusk Swords
30:22 Hand Cart
30:27 Gold Mining
34:19 Imperial Age
32:53 Gold Shaft Mining
34:32 Heavy Plow
35:17 Scale Barding Armor
36:00 Conscription
35:05 Elite Ballista Elephant
35:45 Double Crossbow
36:57 Chemistry
36:45 Chain Barding Armor
36:57 Caravan
37:47 Double Crossbow
39:53 Crop Rotation
39:15 Pikeman
40:00 Scale Mail Armor
41:02 Siege Engineers
40:26 Halberdier
43:09 Chain Mail Armor
43:32 Plate Barding Armor
43:09 Forging
48:30 Light Cavalry
49:21 Bloodlines
49:14 Husbandry
48:54 Onager
49:43 Fletching
loveTINA_0208
0:51 Loom
11:47 Feudal Age
12:30 Double-Bit Axe
12:35 Horse Collar
18:28 Stone Mining
20:51 Castle Age
19:46 Gold Mining
29:04 Imperial Age
27:39 Wheelbarrow
28:04 Husbandry
28:13 Heavy Plow
29:00 Bow Saw
28:36 Pikeman
30:18 Conscription
30:59 Scale Mail Armor
31:31 Squires
32:32 Hand Cart
32:23 Halberdier
35:03 Chain Mail Armor
34:58 Forging
35:19 Gambesons
37:38 Two-Man Saw
38:20 Elite Cataphract
39:33 Fortified Wall
41:09 Plate Mail Armor
41:15 Iron Casting
41:27 Logistica
42:56 Scale Barding Armor
52:14 Chemistry
Connection lost

Rejoining the realm…

Still unreachable

The connection could not be restored.

Session expired

The server has moved on; the page needs a fresh start.